 Dungeon Crawl Stone Soup version 0.15-a0-1828-g04ddf54 (webtiles) character file.

51 HungrySpirit the Cutter (level 4, -3/25 HPs)
             Began as a Kobold Healer on July 1, 2014.
             Was a Believer of Elyvilon.
             Slain by a gnoll
             ... wielding a +0 flail
              (14 damage)
             ... on Level 2 of the Dungeon.
             The game lasted 00:04:01 (1527 turns).

HungrySpirit the Cutter (Kobold Healer)             Turns: 1527, Time: 00:04:01

HP  -3/25        AC  4     Str 10      XL: 4   Next:  5%
MP   2/6         EV 15     Int 10      God: Elyvilon [**....]
Gold 66          SH  0     Dex 16      Spells:  0 memorised,  3 levels left

rFire  . . .     SeeInvis .     f - +0 dagger (speed)
rCold  . . .     Clarity  .     a - +2 robe
rNeg   . . .     rCorr    .     (no shield)
rPois  .         rRot     .     (no helmet)
rElec  .         Spirit   .     (no cloak)
SustAb .         Warding  .     (no gloves)
rMut   .         Stasis   .     (no boots)
Gourm  .                        (no amulet)
MR     .....                    (no ring)
                                (no ring)

@: not resistant to hostile enchantments, unstealthy
A: carnivore 3
a: Lesser Healing, Lesser Self-Healing, Divine Protection, Purification,
Renounce Religion


You were on level 2 of the Dungeon.
You worshipped Elyvilon.
Elyvilon was pleased with you.
You were full.

You visited 1 branch of the dungeon, and saw 2 of its levels.

You collected 66 gold pieces.

Inventory:

Hand weapons
 e - a +1 dagger of holy wrath
 f - a +0 dagger of speed (weapon)
Missiles
 i - 2 throwing nets (quivered)
Armour
 a - a +2 robe (worn)
Comestibles
 d - 3 meat rations
Scrolls
 g - 2 scrolls of remove curse {unknown}
 h - a scroll of blinking {unknown}
 k - a scroll of amnesia {unknown}
 l - a scroll of recharging {unknown}
Potions
 b - a potion of curing
 c - a potion of heal wounds
 j - a potion of degeneration {unknown}
 m - a potion of invisibility {unknown}
 n - a potion of poison {unknown}
 o - a potion of paralysis {unknown}


   Skills:
 - Level 1.1 Fighting
 * Level 3.3 Short Blades
 + Level 2.8 Dodging
 + Level 2.2 Stealth
 - Level 3.0 Invocations


You had 3 spell levels left.
You didn't know any spells.

Dungeon Overview and Level Annotations

Branches:
Dungeon (2/15)

Altars:
Ashenzari


Innate Abilities, Weirdness & Mutations

You are small and have problems with some larger weapons.
You are carnivorous and can eat meat at any time.


Message History

The gnoll hits you with a flail.
You closely miss the gnoll.
The gnoll is heavily wounded.
You closely miss the gnoll.
The gnoll is heavily wounded.
The gnoll closely misses you.
You hit the gnoll.
The gnoll is heavily wounded.
You barely miss the gnoll.
The gnoll is heavily wounded.
The gnoll barely misses you.
You hit the gnoll.
The gnoll is heavily wounded.
You hit the gnoll.
The gnoll is severely wounded.
You hit the gnoll but do no damage.
The gnoll is severely wounded.
The gnoll hits you with a flail!
Ouch! That really hurt!
You die...

........................
.........[......##.......
####...........##.......
##>.........##.......
#........%.##....<..
#..........###......
##........#....##.##
##g........# #.#
#@##..##### #.##
#%#....########.##
#.#...............
#.#.....####..[...
#.#.#..........###
##.......##....%...
##.......###.....%##
#................###
######......<............


You could see a gnoll.

Vanquished Creatures
  2 giant geckos (D:1)
  3 bats
  2 giant cockroaches (D:1)
  7 goblins
  6 hobgoblins
  3 jackals (D:2)
  2 quokkas (D:2)
  A ball python (D:1)
  A giant newt (D:2)
  4 kobolds (D:2)
  A rat (D:1)
32 creatures vanquished.

Vanquished Creatures (others)
  An adder (D:2)
  A kobold (D:2)
2 creatures vanquished.

Grand Total: 34 creatures vanquished

Notes
Turn   | Place    | Note
--------------------------------------------------------------
     0 | D:1      | HungrySpirit, the Kobold Healer, began the quest for the Orb.
     0 | D:1      | Reached XP level 1. HP: 12/12 MP: 2/2
    52 | D:1      | Reached skill level 1 in Short Blades
    95 | D:1      | Reached skill level 1 in Stealth
    95 | D:1      | Reached XP level 2. HP: 13/16 MP: 3/3
   797 | D:1      | Reached XP level 3. HP: 18/20 MP: 5/5
  1324 | D:2      | Found a shattered altar of Ashenzari.
  1461 | D:2      | Reached XP level 4. HP: 25/25 MP: 6/6
  1527 | D:2      | Slain by a gnoll

Action                   |  1- 3 |  4- 6 || total
-------------------------+-------+-------++-------
Melee: Dagger            |   131 |    31 ||   162
Invok: Lesser Healing    |    10 |     5 ||    15
  Use: Scroll            |     1 |       ||     1
 Stab: Sleeping          |     1 |       ||     1
       Distracted        |     1 |       ||     1
